 Dungeon Crawl Stone Soup version 0.31-a0-473-g61b50ae490 (webtiles) character file.

Game seed: 5483316170987789136

14654 LobsterGuardian the Marksminotaur (level 11, -7/97 HPs)
             Began as a Minotaur Hunter on Aug 6, 2023.
             Was a High Priest of Zin.
             Shot with a bolt by a yaktaur captain (37 damage)
             ... on level 12 of the Dungeon on Aug 7, 2023.
             The game lasted 01:00:30 (15855 turns).

LobsterGuardian the Marksminotaur (MiHu)           Turns: 15855, Time: 01:00:31

Health: -7/97      AC:  7    Str: 33    XL:     11   Next: 91%
Magic:  0/13       EV: 17    Int:  4    God:    Zin [*****.]
Gold:   233        SH:  0    Dex: 20    Spells: 8/10 levels left

rFire   . . .        p - +1 orcbow (flame)
rCold   . . .        (shield currently unavailable)
rNeg    . . .        E - +1 troll leather armour
rPois   +            (helmet restricted)
rElec   +            (no cloak)
rCorr   .            m - +2 pair of gloves {Dex+3}
SInv    .            (no boots)
Will    .....        B - amulet of Ephemeral Luck {Spirit Rampage rElec Str+4 Int-2}
Stlth   ++           h - +6 ring of strength
HPRegen 1.16/turn    A - ring of the Rhinotaur {rElec rPois Str+6}
MPRegen 0.13/turn

%: guardian spirit, rampage
@: mighty, hasted, very quick
A: horns 2, retaliatory headbutt
a: Renounce Religion, Recite, Vitalisation, Imprison, Sanctuary, Donate Gold


You were on level 12 of the Dungeon.
You worshipped Zin.
Zin was extremely pleased with you.
You visited 2 branches of the dungeon, and saw 13 of its levels.
You also visited: Bailey.

You collected 1326 gold pieces.
You donated 1093 gold pieces to Zin.

Inventory:

Hand Weapons
 p - a +1 orcbow of flaming (weapon)
Missiles
 k - a throwing net
 D - 3 curare-tipped darts
Armour
 m - a +2 pair of gloves of dexterity (worn)
 s - an orb of light
 E - a +1 troll leather armour (worn)
Jewellery
 g - an amulet of reflection
 h - a +6 ring of strength (left hand)
 x - an amulet of magic regeneration
 y - a ring of resist corrosion
 A - the ring of the Rhinotaur (right hand) {rElec rPois Str+6}
   (You found it on level 8 of the Dungeon)

   [ring of strength]

   Str:       It affects your strength (+6).
   rElec:     It insulates you from electricity.
   rPois:     It protects you from poison.
 B - the amulet of Ephemeral Luck (around neck) {Spirit Rampage rElec Str+4 Int-2}
   (You acquired it on level 9 of the Dungeon)

   [amulet of guardian spirit]

   It causes incoming damage to be divided between your reserves of health and
   magic.
   Str:       It affects your strength (+4).
   Int:       It affects your intelligence (-2).
   rElec:     It insulates you from electricity.
   Rampage:   It bestows one free step when moving towards enemies.
Wands
 d - a wand of iceblast (10)
 n - a wand of charming (13)
 u - a wand of acid (17)
Scrolls
 b - 2 scrolls of amnesia
 o - a scroll of noise
 v - 2 scrolls of enchant weapon
 C - a scroll of revelation
Potions
 e - a potion of attraction
 f - a potion of cancellation
 i - 3 potions of brilliance
 l - a potion of haste
 q - 5 potions of magic
 r - a potion of resistance
 t - a potion of berserk rage
 F - a potion of enlightenment


   Skills:
 + Level 9.6 Fighting
 - Level 16.0 Ranged Weapons
 + Level 4.4 Armour
 + Level 7.9 Dodging
 + Level 1.7 Stealth
 + Level 3.1 Translocations
 - Level 5.0 Invocations
 - Level 1.0 Evocations


You had 8 spell levels left.
You knew the following spells:

 Your Spells              Type           Power      Damage    Failure   Level
a - Blink                 Tloc           4%         N/A       26%         2

Your spell library contained the following spells:

 Spells                   Type           Power      Damage    Failure   Level
 Lesser Beckoning         Tloc           4%         N/A       26%         2
 Momentum Strike          Conj/Tloc      2%         3d8       45%         2
 Magic Dart               Conj           0%         1d3       54%         1
 Summon Small Mammal      Summ           0%         N/A       54%         1
 Call Imp                 Summ           0%         N/A       67%         2
 Call Canine Familiar     Summ           0%         N/A       88%         3
 Mephitic Cloud           Conj/Pois/Air  0%         N/A       88%         3
 Summon Guardian Golem    Hex/Summ       0%         N/A       88%         3
 Summon Ice Beast         Ice/Summ       0%         N/A       99%         4
 Summon Mana Viper        Hex/Summ       0%         N/A       100%        5
 Monstrous Menagerie      Summ           0%         N/A       100%        7


Dungeon Overview and Level Annotations

Branches:
Dungeon (12/15)            Temple (1/1) D:7            Lair (0/5) D:10
    Orc (0/2) D:9          Bailey (visited)

Altars:
Ashenzari
Cheibriados
Dithmenos
Elyvilon
Fedhas
Gozag
Hepliaklqana
Kikubaaqudgha
Makhleb
Nemelex Xobeh
Okawaru
Qazlal
Ru
Sif Muna
Trog
Uskayaw
Vehumet
Wu Jian
Xom
Yredelemnul
Zin
The Shining One

Shops:
D:3 =   D:6 (


Innate Abilities, Weirdness & Mutations

You have a pair of horns on your head.
You reflexively headbutt those who attack you in melee.


Message History

You shoot an arrow. The arrow hits the yaktaur captain!
The arrow burns the yaktaur captain.
The yaktaur captain is moderately wounded.
The yaktaur captain hits you!
You feel very mighty all of a sudden.
The yaktaur captain hits you but does no damage.
Unknown command.
You shoot an arrow.
The arrow hits the yaktaur captain but does no damage.
The yaktaur captain is moderately wounded.
You shoot an arrow. The arrow hits the yaktaur captain.
The arrow burns the yaktaur captain.
The yaktaur captain is heavily wounded.
The yaktaur captain hits you!!
You are too injured to fight recklessly!
You are too injured to fight recklessly!
Okay, then.
Okay, then.
Casting: Blink (dangerous; 26% risk of failure)
Confirm with . or Enter, or press ? or * to list all spells.
You blink.
The yaktaur captain wields a +0 arbalest.
The yaktaur captain shoots a bolt.
The bolt hits you!!
* * * LOW HITPOINT WARNING * * *
Unknown command.
There is a large open door here.
As you close the large door, it creaks loudly!
You feel yourself speed up.
A yaktaur captain opens the large door.
You close the large door.
A yaktaur captain opens the large door.
You close the large door.
You feel stable enough to blink again.
A yaktaur captain opens the large door.
There is a large open door here.
You close the large door.
A yaktaur captain opens the large door.
You open the large door.
The yaktaur captain shoots a bolt.
The bolt completely misses you.
There is a large open door here.
The yaktaur captain shoots a bolt.
The bolt hits you!!!
You die...

#### #### ##..###..##
#.$?.'....# #.$?.'....#
.... ##..###c.## .....
#### #''# ......
####[.###..## ......
###.'....'c...# ......
#..@'....'....#
###...###.####.(###..##
.............#### ####
#.......#.####
#.......#...
#......)######
#[...........#
#............#
#######.<....#


You could see a yaktaur captain.

Vanquished Creatures
  5 two-headed ogres
  Sonja (D:11)
  2 ugly things
  2 cyclopes
  A kobold demonologist (D:11)
  2 trolls
  2 hornets
  2 shadows
  A wraith (D:11)
  2 wyverns
  3 vampires
  15 yaks
  A steam dragon (D:7)
  5 vampire mosquitoes
  3 acid dragons
  3 wargs
  Duvessa (D:4)
  3 water moccasins
  2 black bears
  2 ice beasts
  6 orc warriors
  A sky beast (D:6)
  An ogre (D:5)
  A boggart (D:10)
  2 phantoms (D:7)
  A centaur (D:11)
  A bullfrog (D:8)
  4 kobold brigands
  A scorpion (D:5)
  A gnoll sergeant (D:8)
  2 wights
  Dowan (D:4)
  3 howler monkeys
  4 hounds
  2 jellies
  6 orc priests
  2 sleepcaps
  A gnoll bouda (D:7)
  5 iguanas
  6 orc wizards
  12 gnolls
  10 adders
  2 shadow imps
  5 white imps
  An ufetubus (D:4)
  2 worms
  A dart slug (D:3)
  24 orcs
  3 bats
  10 endoplasms
  4 giant cockroaches
  14 goblins
  8 hobgoblins
  5 jackals
  5 quokkas
  3 ball pythons
  A frilled lizard (D:1)
  27 kobolds
  4 rats
  A spectral orc (D:3)
251 creatures vanquished.

Vanquished Creatures (collateral kills)
  An orc warrior (D:9)
  An orc (Bailey)
2 creatures vanquished.

Vanquished Creatures (others)
  2 yaks
  A wight (D:5)
  An orc (D:9)
4 creatures vanquished.

Grand Total: 257 creatures vanquished

Notes
Turn   | Place    | Note
-------+----------+-------------------------------------------
     0 | D:1      | LobsterGuardian the Minotaur Hunter began the quest for the
                  | Orb.
     0 | D:1      | Reached XP level 1. HP: 18/18 MP: 0/0
   124 | D:1      | Reached skill level 1 in Armour
   125 | D:1      | Reached XP level 2. HP: 24/25 MP: 1/1
   719 | D:1      | Reached skill level 5 in Ranged Weapons
  1168 | D:2      | Reached XP level 3. HP: 29/30 MP: 2/2
  1446 | D:2      | Found an opulent altar of Gozag.
  1637 | D:2      | Found a faded altar of an unknown god.
  1643 | D:2      | Prayed at the altar of an unknown god.
  1643 | D:2      | Became a worshipper of Ashenzari the Shackled
  1707 | D:3      | Found Ybefac's Jewellery Shop.
  1715 | D:3      | Upgraded the game from 0.31-a0-466-g98c9adc2b6 to
                  | 0.31-a0-473-g61b50ae490
  1793 | D:3      | Found a basalt altar of Yredelemnul.
  1826 | D:3      | Learned a level 2 spell: Blink
  2171 | D:3      | Reached XP level 4. HP: 36/37 MP: 3/3
  2186 | D:3      | Found a burning altar of Makhleb.
  2203 | D:3      | Reached * piety under Ashenzari
  2203 | D:3      | Reached ** piety under Ashenzari
  2313 | D:3      | Reached skill level 6 in Ranged Weapons
  2529 | D:4      | Reached XP level 5. HP: 35/44 MP: 4/4
  3042 | D:4      | Found a sparkling altar of Nemelex Xobeh.
  3081 | D:4      | Noticed Duvessa
  3081 | D:4      | Noticed Dowan
  3109 | D:4      | Killed Dowan
  3110 | D:4      | Reached skill level 7 in Ranged Weapons
  3129 | D:4      | Killed Duvessa
  3130 | D:4      | Reached XP level 6. HP: 27/51 MP: 5/5
  3588 | D:5      | Entered Level 5 of the Dungeon
  3686 | D:5      | Reached skill level 8 in Ranged Weapons
  3686 | D:5      | Reached skill level 1 in Translocations
  3689 | D:5      | Reached XP level 7. HP: 57/57 MP: 6/6
  3909 | D:5      | Reached skill level 9 in Ranged Weapons
  3924 | D:5      | Reached *** piety under Ashenzari
  4763 | D:5      | Found a blossoming altar of Fedhas.
  4763 | D:5      | Found a broken altar of Ashenzari.
  5159 | D:6      | Found Uzyek's Weapon Emporium.
  5192 | D:6      | Reached XP level 8. HP: 58/63 MP: 7/7
  5234 | D:6      | Reached skill level 1 in Stealth
  5307 | D:6      | Reached **** piety under Ashenzari
  5315 | D:6      | Reached skill level 5 in Fighting
  6107 | D:7      | Found a staircase to the Ecumenical Temple.
  6157 | D:7      | Reached skill level 10 in Ranged Weapons
  6662 | D:7      | Reached XP level 9. HP: 42/78 MP: 8/8
  7039 | D:7      | Reached skill level 11 in Ranged Weapons
  7378 | D:8      | Identified the ring of the Rhinotaur {rElec rPois Str+6}
  7419 | Temple   | Entered the Ecumenical Temple
  7560 | Temple   | Fell from the grace of Ashenzari
  7560 | Temple   | Became a worshipper of Zin the Law-Giver
  7560 | Temple   | Reached * piety under Zin
  7824 | D:8      | Reached ** piety under Zin
  8627 | D:8      | Reached skill level 5 in Dodging
  8950 | D:8      | Reached skill level 12 in Ranged Weapons
  9405 | D:9      | Found a flagged portal.
  9419 | Bailey   | Entered a bailey
  9453 | Bailey   | Noticed an orc warlord
  9716 | Bailey   | Found a runed translucent gate.
  9719 | Bailey   | Found a runed translucent gate.
  9720 | Bailey   | Found a runed translucent gate.
 10092 | D:9      | Reached XP level 10. HP: 39/86 MP: 9/9
 10251 | D:9      | Found an ornate altar of the Wu Jian Council.
 10251 | D:9      | Found a bloodstained altar of Trog.
 10251 | D:9      | Found a shimmering blue altar of Sif Muna.
 10251 | D:9      | Found a hide-covered altar of Uskayaw.
 10254 | D:9      | Acquired the amulet of Ephemeral Luck {Spirit Rampage rElec
                  | Str+4 Int-2}
 10256 | D:9      | Acquired 600 gold pieces
 10257 | D:9      | Reached *** piety under Zin
 10257 | D:9      | Reached **** piety under Zin
 10258 | D:9      | Acquired a +1 orcbow of flaming
 10260 | D:9      | Was placed under penance by Zin
 10289 | D:9      | Donated 519 gold pieces to Zin
 10321 | D:9      | Reached skill level 13 in Ranged Weapons
 10584 | D:9      | Donated 260 gold pieces to Zin
 11131 | D:8      | Reached skill level 14 in Ranged Weapons
 11929 | D:9      | Was forgiven by Zin
 12263 | D:9      | Found a staircase to the Orcish Mines.
 12457 | D:10     | Entered Level 10 of the Dungeon
 13210 | D:10     | Noticed a two-headed ogre
 13417 | D:10     | Killed a two-headed ogre
 13418 | D:10     | Was forgiven by Ashenzari
 13418 | D:10     | Reached skill level 15 in Ranged Weapons
 13658 | D:10     | Found a staircase to the Lair.
 13770 | D:10     | Noticed a two-headed ogre
 14047 | D:10     | Noticed a two-headed ogre
 14051 | D:10     | Killed a two-headed ogre
 14052 | D:10     | Reached XP level 11. HP: 90/93 MP: 10/10
 14056 | D:10     | Killed a two-headed ogre
 14391 | D:10     | Reached skill level 16 in Ranged Weapons
 14880 | D:11     | Donated 182 gold pieces to Zin
 14979 | D:11     | Noticed a cyan ugly thing
 14989 | D:11     | Noticed a two-headed ogre
 14994 | D:11     | Noticed a sixfirhy
 14996 | D:10     | Killed a cyan ugly thing
 14997 | D:10     | Reached skill level 1 in Invocations
 14997 | D:10     | Reached skill level 1 in Evocations
 15037 | D:11     | Noticed a green ugly thing
 15048 | D:11     | Killed a green ugly thing
 15063 | D:11     | Noticed Sonja
 15063 | D:11     | Noticed an orc knight
 15076 | D:11     | Killed Sonja
 15418 | D:11     | Killed a two-headed ogre
 15561 | D:12     | Reached ***** piety under Zin
 15633 | D:12     | Noticed a two-headed ogre
 15641 | D:12     | Killed a two-headed ogre
 15659 | D:12     | Noticed a yaktaur captain
 15698 | D:12     | Noticed an eight-headed hydra
 15716 | D:12     | Reached skill level 5 in Invocations
 15855 | D:12     | Shot with a bolt by a yaktaur captain

Illustrated notes

Levels and vault maps discovered:
D:1:      dpeg_arrival_windows_large_door, layout_basic, corner_web_ring,
          minivault_19
D:2:      layout_loops_cross, basic_altar,
          dreamdust_ecumenical_altar_angels_and_demons, grunt_ministairs_2,
          minmay_domino_4
D:3:      layout_loops_corners, yredelemnul_forgotten_temple_becter,
          mainiacjoe_overflow_small_starburst, serial_shops, shop
D:4:      layout_cave_pools, nemelex_dance_club_becter, uniq_duvessa
D:5:      layout_loops_ring, mainiacjoe_overflow_divided_tiny,
          nicolae_concentric_dashed_squares_mild
D:6:      layout_basic, serial_shops, nicolae_shop_stone
D:7:      layout_loops_ring, minmay_temple_entry_glassed_door, kennysheep_dice
D:8:      layout_basic
D:9:      layout_cave_pools, grunt_temple_overflow_open, orc_0_dummy,
          enter_bailey_5
D:10:     layout_loops_ring, erik_lair_orcish_takeover,
          nicolae_phantomly_mirrored
D:11:     layout_roguey, minmay_fractal_squares_diagonal_5, uniq_sonja
D:12:     layout_basic, kennysheep_four_rooms
Temple:   nicolae_temple_god_jail

Skill      XL: |  1  2  3  4  5  6  7  8  9 10 11 |
---------------+----------------------------------+-----
Armour         | 1 2 3 4 |  4.4
Ranged Weapons | 5 6 7 8 9 10 12 15 16 | 16.0
Fighting       | 3 4 6 7 9 |  9.6
Translocations | 1 2 3 |  3.1
Dodging        | 4 5 7 |  7.9
Stealth        | 1 |  1.7
Invocations    | 5 |  5.0
Evocations     | 1 |  1.0

Action                     |  1- 3 |  4- 6 |  7- 9 | 10-12 || total
---------------------------+-------+-------+-------+-------++-------
   Fire: Shortbow          |   136 |   135 |   322 |       ||   593
         Sling             |       |       |   246 |    12 ||   258
         Orcbow            |       |       |       |   362 ||   362
   Cast: Blink             |       |     1 |    11 |     2 ||    14
 Invoke: Curse Item        |     1 |     2 |     3 |       ||     6
         Shatter the Chain |       |       |     2 |       ||     2
         Recite            |       |       |     4 |    13 ||    17
         Vitalisation      |       |       |     2 |       ||     2
         Donate Gold       |       |       |       |     3 ||     3
Ability: Begin Untransform |       |     1 |       |       ||     1
  Evoke: Wand              |       |     4 |    15 |    24 ||    43
    Use: Scroll            |     2 |     2 |    11 |    20 ||    35
         Potion            |     3 |     2 |     4 |     7 ||    16
 Armour: Leather armour    |    12 |    10 |    18 |    33 ||    73
         Robe              |       |       |     5 |       ||     5
         Troll leather arm |       |       |       |    18 ||    18
  Dodge: Dodged            |    32 |    52 |   135 |   129 ||   348
   Form: Death             |       |     1 |       |       ||     1

Table legend: (Time is in decaauts)
 A = Elapsed time spent in this place.
 B = Non-inter-level travel time spent in this place.
 C = Inter-level travel time spent in this place.
 D = Time resting spent in this place.
 E = Time spent auto-exploring this place.
 F = Levels seen in this place.
 G = Mean time per level.
                   A        B        C        D        E       F      G
               +--------+--------+--------+--------+--------+-----+--------+
         Total |  15794 |  14877 |    917 |   2330 |  10120 |  14 | 1128.1 |
       Dungeon |  15197 |  14352 |    845 |   2300 |   9855 |  12 | 1266.4 |
        Temple |     75 |      3 |     72 |      0 |      0 |   1 |   75.0 |
        Bailey |    521 |    521 |      0 |     30 |    265 |   1 |  521.0 |
               +--------+--------+--------+--------+--------+-----+--------+

Top non-repeatable levels by time:
     D:8: 2848 daAuts
    D:10: 2024 daAuts
     D:9: 1603 daAuts
     D:7: 1537 daAuts
     D:5: 1361 daAuts
     D:4: 1326 daAuts
     D:1: 1077 daAuts
     D:3: 918 daAuts
    D:11: 846 daAuts
     D:6: 814 daAuts
     D:2: 640 daAuts
  Bailey: 521 daAuts
    D:12: 198 daAuts
  Temple: 75 daAuts
